 Dungeon Crawl Stone Soup version 0.21.1-1-g345015fe64 (webtiles) character file.

2169 Mrkan the Shield-Bearer (level 9, -2/74 HPs)
             Began as a Gnoll Fighter on July 13, 2018.
             Was an Initiate of Makhleb.
             Slain by Joseph
             ... wielding a +0 quarterstaff
              (11 damage)
             ... on level 7 of the Dungeon.
             The game lasted 00:16:52 (8080 turns).

Mrkan the Shield-Bearer (Gnoll Fighter)             Turns: 8080, Time: 00:16:52

Health: -2/74      AC: 15    Str: 25    XL:     9   Next: 32%
Magic:  15/15      EV:  7    Int: 12    God:    Makhleb [......]
Gold:   403        SH: 11    Dex: 15    Spells: 16/16 levels left

rFire    . . .     SeeInvis .   B - +0 morningstar
rCold    . . .     Gourm    .   c - +0 shield
rNeg     . . .     Faith    .   z - +0 plate armour
rPois    .         Spirit   .   (no helmet)
rElec    .         Reflect  .   C - +0 cloak
rCorr    .         Harm     .   (no gloves)
MR       .....                  I - +0 pair of boots
Stlth    ..........             (no amulet)
HPRegen  0.22/turn              (no ring)
MPRegen  0.14/turn              (no ring)

@: mighty, drained
A: distributed training, fangs 1, strong nose
a: Renounce Religion


You were on level 7 of the Dungeon.
You worshipped Makhleb.
Makhleb was noncommittal.
You were near starving.

You visited 2 branches of the dungeon, and saw 8 of its levels.

You collected 403 gold pieces.

Inventory:

Hand Weapons
 a - a +0 flail
 B - a +0 morningstar (weapon)
 G - a +0 flail
Missiles
 H - 5 tomahawks of returning (quivered)
Armour
 c - a +0 shield (worn)
 z - a +0 plate armour (worn)
 C - a +0 cloak (worn)
 I - a +0 pair of boots (worn)
Jewellery
 o - an uncursed ring of protection from magic {unknown}
 w - a +5 ring of strength {unknown}
 J - a +3 ring of evasion {unknown}
Wands
 r - a wand of flame (29)
 u - a wand of random effects (23)
 D - a wand of polymorph (10)
 E - a wand of paralysis (14)
Scrolls
 e - 5 scrolls of fog
 i - 3 scrolls of immolation
 k - 3 scrolls of enchant weapon {unknown}
 l - 5 scrolls of teleportation
 m - 2 scrolls of magic mapping
 q - a scroll of blinking
 v - 5 scrolls of remove curse
 y - 5 scrolls of identify {unknown}
 A - 2 scrolls of amnesia
Potions
 g - 3 potions of haste {unknown}
 h - 5 potions of resistance
 j - 2 potions of invisibility {unknown}
 n - 5 potions of heal wounds {unknown}
 p - 3 potions of brilliance {unknown}
 s - 3 potions of curing {unknown}
 t - 2 potions of mutation {unknown}
 x - a potion of degeneration {unknown}
 F - 2 potions of agility {unknown}
Comestibles
 f - 4 rations


   Skills:
 + Level 7.8(6.6) Fighting
 + Level 4.0(3.0) Short Blades
 + Level 4.0(3.0) Long Blades
 + Level 4.0(3.0) Axes
 + Level 6.2(5.1) Maces & Flails
 + Level 4.0(3.0) Polearms
 + Level 4.0(3.0) Staves
 + Level 4.0(3.0) Slings
 + Level 4.0(3.0) Bows
 + Level 4.0(3.0) Crossbows
 + Level 4.0(3.0) Throwing
 + Level 7.8(6.6) Armour
 + Level 4.0(3.0) Dodging
 + Level 4.0(3.0) Stealth
 + Level 7.8(6.6) Shields
 + Level 4.0(3.0) Unarmed Combat
 + Level 4.0(3.0) Spellcasting
 + Level 3.3(2.3) Conjurations
 + Level 3.3(2.3) Hexes
 + Level 3.3(2.3) Charms
 + Level 3.3(2.3) Summonings
 + Level 3.3(2.3) Necromancy
 + Level 3.3(2.3) Translocations
 + Level 3.3(2.3) Transmutations
 + Level 3.3(2.3) Fire Magic
 + Level 3.3(2.3) Ice Magic
 + Level 3.3(2.3) Air Magic
 + Level 3.3(2.3) Earth Magic
 + Level 3.3(2.3) Poison Magic
 + Level 4.4(3.4) Invocations
 + Level 4.0(3.0) Evocations


You had 16 spell levels left.
You didn't know any spells.

Dungeon Overview and Level Annotations

Branches:
Dungeon (7/15)             Temple (1/1) D:6

Altars:
Ashenzari
Cheibriados
Dithmenos
Elyvilon
Fedhas
Gozag
Hepliaklqana
Kikubaaqudgha
Makhleb
Nemelex Xobeh
Okawaru
Qazlal
Ru
Sif Muna
Trog
Uskayaw
Vehumet
Wu Jian
Xom
Yredelemnul
Zin
The Shining One

Annotations:
D:7 Joseph


Innate Abilities, Weirdness & Mutations

Your experience applies equally to all skills.
You have very sharp teeth.
Your uncanny sense of smell can sniff out nearby items.


Message History

The wight hits you but does no damage. You block the wight's attack.
You impale the wight!!
You destroy the wight!
Makhleb accepts your kill. You block the wight's attack.
Joseph shouts, "Wow!"
Joseph hits you but does no damage. The wight closely misses you.
The wight hits you but does no damage.
Joseph says, "I've waited for this moment for such a long time."
You block Joseph's attack. The wight closely misses you.
Things that are here:
an enchanted battleaxe; a runed robe You bludgeon the wight!!
You destroy the wight!
Makhleb accepts your kill.
Joseph hits you with an uncursed quarterstaff!
* * * LOW HITPOINT WARNING * * *
You block the wight's attack.
Joseph hits you with an uncursed quarterstaff!
You die...

#. .## #. @.# #.##
..## ##..# ...####
#...# #.......
#...### ##.......
#####.....####.....#
......)..@.......#
#....###z@)(....##
##. ####......#
##.....####..
##..<.......
#..........
#....##.... #...##
#... #...# .. #..##


You could see Joseph and a wight.

Vanquished Creatures
  A troll (D:6)
  Menkaure (D:6)
  An ice beast (D:5)
  2 sky beasts (D:6)
  A necrophage (D:6)
  3 ogres
  A bullfrog (D:6)
  2 scorpions
  8 wights
  A howler monkey (D:6)
  A centaur zombie (D:5)
  A bullfrog zombie (D:5)
  3 orc priests
  2 hounds
  4 orc wizards
  Natasha (thrice) (D:2)
  2 worker ants (D:4)
  A howler monkey skeleton (D:6)
  10 adders
  An ooze (D:4)
  A worm (D:5)
  4 dart slugs
  A leopard gecko (D:4)
  10 orcs
  5 giant cockroaches
  8 goblins
  5 hobgoblins
  9 jackals
  8 kobolds
  9 quokkas
  2 ball pythons
  12 bats
  14 frilled lizards
  9 rats
  2 bushes
148 creatures vanquished.

Vanquished Creatures (others)
  7 toadstools (D:1)
7 creatures vanquished.

Grand Total: 155 creatures vanquished

Notes
Turn   | Place    | Note
-------+----------+-------------------------------------------
     0 | D:1      | Mrkan the Gnoll Fighter began the quest for the Orb.
     0 | D:1      | Reached XP level 1. HP: 23/23 MP: 1/1
   108 | D:1      | Reached XP level 2. HP: 25/29 MP: 2/2
   384 | D:1      | Reached XP level 3. HP: 35/35 MP: 3/3
   832 | D:2      | Found a shadowy altar of Dithmenos.
   863 | D:2      | Reached skill level 1 in Invocations
  1078 | D:2      | Reached skill level 1 in Short Blades
  1078 | D:2      | Reached skill level 1 in Long Blades
  1078 | D:2      | Reached skill level 1 in Axes
  1078 | D:2      | Reached skill level 1 in Polearms
  1078 | D:2      | Reached skill level 1 in Staves
  1078 | D:2      | Reached skill level 1 in Slings
  1078 | D:2      | Reached skill level 1 in Bows
  1078 | D:2      | Reached skill level 1 in Crossbows
  1078 | D:2      | Reached skill level 1 in Throwing
  1078 | D:2      | Reached skill level 1 in Dodging
  1078 | D:2      | Reached skill level 1 in Stealth
  1078 | D:2      | Reached skill level 1 in Unarmed Combat
  1078 | D:2      | Reached skill level 1 in Spellcasting
  1078 | D:2      | Reached skill level 1 in Evocations
  1078 | D:2      | Reached XP level 4. HP: 37/41 MP: 5/5
  1228 | D:2      | Noticed Natasha
  1233 | D:2      | Killed Natasha
  1233 | D:2      | Reached skill level 1 in Conjurations
  1233 | D:2      | Reached skill level 1 in Hexes
  1233 | D:2      | Reached skill level 1 in Charms
  1233 | D:2      | Reached skill level 1 in Summonings
  1233 | D:2      | Reached skill level 1 in Necromancy
  1233 | D:2      | Reached skill level 1 in Translocations
  1233 | D:2      | Reached skill level 1 in Transmutations
  1233 | D:2      | Reached skill level 1 in Fire Magic
  1233 | D:2      | Reached skill level 1 in Ice Magic
  1233 | D:2      | Reached skill level 1 in Air Magic
  1233 | D:2      | Reached skill level 1 in Earth Magic
  1233 | D:2      | Reached skill level 1 in Poison Magic
  1338 | D:2      | Noticed Natasha
  1343 | D:2      | Killed Natasha
  1343 | D:2      | Reached XP level 5. HP: 47/47 MP: 6/6
  1512 | D:2      | Noticed Natasha
  1518 | D:2      | Killed Natasha
  2192 | D:3      | Noticed an ogre
  2200 | D:3      | Killed an ogre
  2200 | D:3      | Reached XP level 6. HP: 41/53 MP: 8/8
  2507 | D:3      | Reached skill level 5 in Maces & Flails
  2817 | D:4      | Reached XP level 7. HP: 49/59 MP: 10/10
  3954 | D:5      | Entered Level 5 of the Dungeon
  4339 | D:5      | Noticed a troll
  5271 | D:5      | Reached XP level 8. HP: 31/67 MP: 12/12
  5889 | D:6      | Killed a troll
  6798 | D:6      | Noticed Menkaure
  6811 | D:6      | Killed Menkaure
  6875 | D:6      | Reached XP level 9. HP: 64/72 MP: 14/14
  7071 | D:6      | Found a staircase to the Ecumenical Temple.
  7417 | Temple   | Entered the Ecumenical Temple
  7511 | Temple   | Became a worshipper of Makhleb the Destroyer
  8050 | D:7      | Noticed Joseph
  8080 | D:7      | Slain by Joseph

Skill      XL: |  1  2  3  4  5  6  7  8  9 |
---------------+----------------------------+-----
Invocations    | 1 2 3 4 |  4.4
Short Blades   | 1 2 3 4 |  4.0
Long Blades    | 1 2 3 4 |  4.0
Axes           | 1 2 3 4 |  4.0
Polearms       | 1 2 3 4 |  4.0
Staves         | 1 2 3 4 |  4.0
Slings         | 1 2 3 4 |  4.0
Bows           | 1 2 3 4 |  4.0
Crossbows      | 1 2 3 4 |  4.0
Throwing       | 1 2 3 4 |  4.0
Dodging        | 1 2 3 4 |  4.0
Stealth        | 1 2 3 4 |  4.0
Unarmed Combat | 1 2 3 4 |  4.0
Spellcasting   | 1 2 3 4 |  4.0
Evocations     | 1 2 3 4 |  4.0
Conjurations   | 1 2 3 |  3.3
Hexes          | 1 2 3 |  3.3
Charms         | 1 2 3 |  3.3
Summonings     | 1 2 3 |  3.3
Necromancy     | 1 2 3 |  3.3
Translocations | 1 2 3 |  3.3
Transmutations | 1 2 3 |  3.3
Fire Magic     | 1 2 3 |  3.3
Ice Magic      | 1 2 3 |  3.3
Air Magic      | 1 2 3 |  3.3
Earth Magic    | 1 2 3 |  3.3
Poison Magic   | 1 2 3 |  3.3
Maces & Flails | 5 6 |  6.2
Fighting       | 7 |  7.8
Armour         | 7 |  7.8
Shields        | 7 |  7.8

Action                   |  1- 3 |  4- 6 |  7- 9 || total
-------------------------+-------+-------+-------++-------
Melee: Flail             |    96 |   142 |    10 ||   248
       Bite              |     4 |    12 |    58 ||    74
       Morningstar       |       |       |   370 ||   370
Throw: Tomahawk          |       |     6 |     4 ||    10
Evoke: Wand              |       |       |    13 ||    13
  Use: Scroll            |       |     8 |       ||     8
       Potion            |       |       |     1 ||     1
  Eat: Chunk             |     1 |     5 |     9 ||    15
       Ration            |       |       |     2 ||     2
Armor: Scale mail        |    32 |    18 |       ||    50
       Plate armour      |       |    38 |   230 ||   268
Dodge: Dodged            |    46 |    31 |    99 ||   176
Block: Shield            |    68 |    88 |   245 ||   401
